 Dungeon Crawl Stone Soup version 0.14-a0-1761-gdbd231b (webtiles) character file.

309 Nicoed the Skirmisher (level 5, -3/42 HPs)
             Began as a Human Fighter on Jan 5, 2014.
             Was an Initiate of the Shining One.
             Killed from afar by an orc wizard (8 damage)
             ... with a magic dart
             ... on Level 4 of the Dungeon.
             The game lasted 00:15:12 (3333 turns).

Nicoed the Skirmisher (Human Fighter)               Turns: 3333, Time: 00:15:12

HP  -3/42        AC  7     Str 18      XL: 5   Next: 67%
MP   5/5         EV  7     Int  8      God: the Shining One [......]
Gold 151         SH 18     Dex 12      Spells:  0 memorised,  4 levels left

rFire  . . .     SeeInvis +     a - +3 dwarf dagger (speed)
rCold  . . .     Clarity  .     s - +0 ring mail
rNeg   . . .     Conserve .     c - +0 shield
rPois  .         rCorr    .     k - +0 helmet
rElec  .         rRot     .     (no cloak)
SustAb . .       Spirit   .     (no gloves)
rMut   .         Warding  .     (no boots)
Saprov . . .     Stasis   .     (no amulet)
                                (no ring)
                                t - ring of see invisible

@: slightly resistant to hostile enchantments, extremely unstealthy
A: no striking features
a: Renounce Religion


You were on level 4 of the Dungeon.
You worshipped the Shining One. the Shining One was noncommittal.
You were not hungry.

You visited 1 branch of the dungeon, and saw 4 of its levels.

You collected 151 gold pieces.

Inventory:

Hand weapons
 a - a +3,+3 dwarven dagger of speed (weapon)
Armour
 c - a +0 shield (worn)
 k - a +0 helmet (worn)
 s - a +0 ring mail (worn)
Comestibles
 i - a royal jelly
 r - 9 sultanas
 w - 2 meat rations
Scrolls
 b - a scroll of magic mapping {unknown}
 d - a scroll of noise {unknown}
 e - a scroll of curse weapon
 h - 3 scrolls of remove curse
 m - 2 scrolls of teleportation
 o - a scroll of immolation {unknown}
 q - a scroll of enchant weapon II {unknown}
 u - a scroll of random uselessness {unknown}
 v - 2 scrolls of enchant armour {unknown}
Jewellery
 t - a ring of see invisible (left hand)
Potions
 g - 4 potions of curing
 l - a potion of lignification
 n - 2 potions of agility
 p - 2 potions of confusion {unknown}


   Skills:
 + Level 3.7 Fighting
 + Level 1.3 Short Blades
   Level 2.4 Axes
 + Level 3.7 Armour
 + Level 1.9 Dodging
 + Level 3.7 Shields


You had 4 spell levels left.
You didn't know any spells.

Dungeon Overview and Level Annotations

Branches:
Dungeon (4/16)
 Temple: D:4-7

Altars:
the Shining One

Annotations:
D:4 Nicoed's ghost, experienced HuFi


Message History

The magic dart hits you!
* * * LOW HITPOINT WARNING * * *
You closely miss the orc wizard.
The orc wizard is moderately wounded.
You feel yourself speed up. The orc wizard barely misses you.
The orc hits you but does no damage.
You hit the orc wizard but do no damage.
The orc wizard is moderately wounded.
The orc wizard points at you and mumbles some strange words.
The magic dart hits you!
* * * LOW HITPOINT WARNING * * *
You hit the orc wizard but do no damage.
The orc wizard is moderately wounded.
The orc wizard hits you but does no damage.
The orc hits you but does no damage.
You hit the orc wizard.
The orc wizard is heavily wounded.
The orc wizard casts a spell at you. The magic dart hits you!
You die...

..# #.# #.. #..
.## ..# . .# . .#
. .# .# ### ###
.# ##.#
..###o##.# #...
#.#@#)#.# #..###
##o###..# #.. .[.
#...p%..# #.# #.#
##.#.#.####. #.#
#.###.#..........
#.#
#...##.........#
#<#
##.###..########
#.# ##.###..#
####.#
####...##..#


You could see an orc wizard and an orc.

Vanquished Creatures
  A hound (D:4)
  An orc wizard (D:4)
  An adder (D:3)
  2 giant mites
  2 worms (D:3)
  3 orcs (D:3)
  15 goblins
  4 hobgoblins
  4 jackals (D:3)
  8 kobolds
  3 bats
  4 giant cockroaches
  10 giant newts
  A kobold skeleton (D:4)
  2 quokkas
  9 rats
70 creatures vanquished.

Notes
Turn   | Place    | Note
--------------------------------------------------------------
     0 | D:1      | Nicoed, the Human Fighter, began the quest for the Orb.
     0 | D:1      | Reached XP level 1. HP: 18/18 MP: 1/1
   173 | D:1      | Reached XP level 2. HP: 18/24 MP: 2/2
   555 | D:1      | Reached XP level 3. HP: 29/29 MP: 3/3
   686 | D:2      | Reached skill level 1 in Dodging
   920 | D:2      | Found a glowing golden altar of the Shining One.
   923 | D:2      | Became a worshipper of the Shining One
   950 | D:2      | Found a glowing golden altar of the Shining One.
  1261 | D:3      | Reached XP level 4. HP: 28/35 MP: 4/4
  1680 | D:3      | Noticed an ogre
  2392 | D:3      | Paralysed by a potion of paralysis for 7 turns
  2455 | D:4      | Reached XP level 5. HP: 41/41 MP: 5/5
  2553 | D:4      | Noticed Nicoed's ghost (experienced HuFi)
  2963 | D:4      | Noticed an ogre
  3067 | D:4      | Reached skill level 1 in Short Blades
  3333 | D:4      | Killed from afar by an orc wizard

Action                   |  1- 3 |  4- 6 || total
-------------------------+-------+-------++-------
Melee: Hand axe          |   124 |       ||   124
       Dagger            |     3 |   226 ||   229
  Use: Scroll            |     3 |     6 ||     9
       Potion            |       |     5 ||     5
